 Dungeon Crawl Stone Soup version 0.22-a0-126-g307c7c3 (webtiles) character file.

206 varam the Shield-Bearer (level 5, 0/33 HPs)
             Began as a Gargoyle Fighter on Jan 30, 2018.
             Slain by Sigmund
             ... wielding a +2 scythe of protection
              (7 damage)
             ... on level 3 of the Dungeon.
             The game lasted 00:05:36 (1980 turns).

varam the Shield-Bearer (Gargoyle Fighter)          Turns: 1980, Time: 00:05:37

Health: 0/33       AC: 12    Str: 20    XL:     5   Next: 84%
Magic:  5/5        EV:  7    Int:  8    God:
Gold:   120        SH:  9    Dex: 10    Spells: 4/4 levels left

rFire    + . .     SeeInvis .   h - +0 whip
rCold    . . .     Gourm    .   c - +0 shield
rNeg     + . .     Faith    .   b - +0 scale mail
rPois    ∞         Spirit   .   j - +0 helmet
rElec    +         Reflect  .   (no cloak)
rCorr    .         Harm     .   (no gloves)
MR       .....                  (no boots)
Stlth    ..........             (no amulet)
HPRegen  0.11/turn              k - ring of protection from fire
MPRegen  0.09/turn              (no ring)

@: starving
A: negative energy resistance 1, electricity resistance, unbreathing,
petrification resistance, rot immunity, AC +4
a: no special abilities


You were on level 3 of the Dungeon.
You were starving.

You visited 1 branch of the dungeon, and saw 4 of its levels.

You collected 120 gold pieces.

Inventory:

Hand Weapons
 a - a +0 flail
 h - a +0 whip (weapon)
Armour
 b - a +0 scale mail (worn)
 c - a +0 shield (worn)
 j - a +0 helmet (worn)
Jewellery
 k - a ring of protection from fire (left hand)
Scrolls
 e - a scroll of enchant weapon {unknown}
 g - a scroll of identify {unknown}
 i - 2 scrolls of fog {unknown}
 m - a scroll of immolation {unknown}
Potions
 d - a potion of might
 l - a potion of haste {unknown}
Comestibles
 f - 7 rations


   Skills:
 + Level 4.2 Fighting
 * Level 4.0 Maces & Flails
 + Level 4.2 Armour
 + Level 4.2 Shields


You had 4 spell levels left.
You didn't know any spells.

Dungeon Overview and Level Annotations

Branches:
Dungeon (4/15)
 Temple: D:4-7

Altars:

Annotations:
D:3 Sigmund


Innate Abilities, Weirdness & Mutations

You are resistant to torment.
Your stone body is resilient. (AC +4)
You are immune to poison.
You resist negative energy. (rN+)
You are resistant to electric shocks. (rElec)
You can survive without breathing.
You are immune to petrification.
You are immune to rotting.


Message History

Things that are here:
a club; a hobgoblin corpse You start resting.
You are starving!
There is a stone staircase leading up here.
You climb upwards.
Level annotation: Sigmund Sigmund points at you and mumbles some strange words.
The magic dart hits you!
There is a stone staircase leading down here.
Sigmund hits you from afar with a scythe of protection.
Things that are here:
a rat skeleton x2
You closely miss Sigmund.
Sigmund hits you with a scythe of protection!
* * * LOW HITPOINT WARNING * * *
You hit Sigmund.
Sigmund is lightly wounded.
Sigmund hits you with a scythe of protection.
You die...

g..#.###........#.......#.##
# #.....####.##....#.#
#.#............g.....# g
#.(...#.####.##.######
#.#####.#.####.##.##<#
..................g..#
......#.#....##.#.####
......#.@....##.#.#
........@....## #.#
.#≈.....÷)#### #.#
#≈≈≈....># #.# #≈≈≈≈..###
#.# #≈≈≈≈≈.# #. #.≈≈≈≈.#
######.# #.# #.


You could see Sigmund.

Vanquished Creatures
  A bullfrog (D:3)
  Robin (D:2)
  4 adders
  A river rat (D:4)
  An ooze (D:2)
  3 dart slugs
  3 leopard geckos
  6 giant cockroaches
  20 goblins
  4 hobgoblins
  3 jackals (D:1)
  2 quokkas
  A ball python (D:4)
  8 bats
  3 frilled lizards
  5 kobolds
  6 rats
72 creatures vanquished.

Notes
Turn   | Place    | Note
-------+----------+-------------------------------------------
     0 | D:1      | varam the Gargoyle Fighter began the quest for the Orb.
     0 | D:1      | Reached XP level 1. HP: 14/14 MP: 1/1
    75 | D:1      | Reached XP level 2. HP: 19/19 MP: 2/2
   286 | D:1      | Reached XP level 3. HP: 22/23 MP: 3/3
   666 | D:2      | Reached skill level 3 in Maces & Flails
   681 | D:2      | Reached XP level 4. HP: 19/29 MP: 4/4
   761 | D:2      | Noticed Robin
   996 | D:2      | Killed Robin
  1107 | D:2      | You fall through a shaft!
  1122 | D:3      | Noticed a bullfrog
  1132 | D:3      | Killed a bullfrog
  1132 | D:3      | Reached skill level 4 in Fighting
  1132 | D:3      | Reached skill level 4 in Armour
  1132 | D:3      | Reached skill level 4 in Shields
  1132 | D:3      | Reached XP level 5. HP: 12/33 MP: 5/5
  1382 | D:3      | Noticed Sigmund
  1478 | D:3      | Found a glowing drain.
  1493 | D:3      | HP: 3/33 [bat (1)]
  1503 | D:4      | HP: 3/33 [adder (1)]
  1826 | D:4      | Reached skill level 4 in Maces & Flails
  1980 | D:3      | Slain by Sigmund

Vault maps used:
D:1:      dpeg_arrival_stonehenge_12_columns, minmay_misc_feat_tiny, st_stairs_1
D:2:      lemuel_zombie_altar_kikubaaqudgha, first_ration, uniq_robin
D:3:      portal_sewer_entry_b, kennysheep_pointless_box, uniq_sigmund

Skill      XL: |  1  2  3  4  5 |
---------------+----------------+-----
Maces & Flails | 3 4 |  4.0
Fighting       | 4 |  4.2
Armour         | 4 |  4.2
Shields        | 4 |  4.2

Action                   |  1- 3 |  4- 6 || total
-------------------------+-------+-------++-------
Melee: Flail             |    78 |       ||    78
       Whip              |    58 |   190 ||   248
  Eat: Chunk             |       |     2 ||     2
Armor: Scale mail        |    86 |   152 ||   238
Dodge: Dodged            |    54 |    92 ||   146
Block: Shield            |    97 |   144 ||   241

Table legend:
 A = Spawn XP
 B = Non-spawn XP
 C = Spawn XP percentage of total XP
 D = Spawn monster count
 E = Non-spawn monster count
 F = Spawn count percentage of total count
 G = Total turns spent on level
                    A         B        C        D         E        F      G
               +---------+---------+-------+---------+---------+-------+---------
         Total |       0 |     295 |   0.0 |       0 |      72 |   0.0 |  1980
               +---------+---------+-------+---------+---------+-------+---------
           D:1 |       0 |      61 |   0.0 |       0 |      32 |   0.0 |   782
           D:2 |       0 |      71 |   0.0 |       0 |      21 |   0.0 |   336
           D:3 |       0 |     130 |   0.0 |       0 |      12 |   0.0 |   396
           D:4 |       0 |      33 |   0.0 |       0 |       7 |   0.0 |   466
               +---------+---------+-------+---------+---------+-------+---------
